 Dungeon Crawl Stone Soup version 0.27-a0-1242-ge70438ac7b (webtiles) character file.

Game seed: 5161703325708256410

12211 Glokmah the Covert (level 11, -4/64 HPs)
             Began as a Vampire Enchanter on June 9, 2021.
             Was a Believer of Uskayaw.
             Slain by an eight-headed hydra (8 damage)
             ... on level 2 of the Lair of Beasts.
             The game lasted 00:36:32 (13509 turns).

Glokmah the Covert (Vampire Enchanter)             Turns: 13509, Time: 00:36:33

Health: -4/64      AC:  9    Str: 12    XL:     11   Next: 59%
Magic:  2/6        EV: 16    Int: 25    God:    Uskayaw [**....]
Gold:   494        SH:  8    Dex: 12    Spells: 10/22 levels left

rFire    + + .     SeeInvis +   a - +6 quick blade of the Pyrrhic Victory {antimagic, Will+ Str+4 Int+7 Dex-5}
rCold    + + +     Faith    .   R - +3 buckler {AC+3}
rNeg     + + +     Spirit   .   L - +0 robe {rF+}
rPois    ∞         Reflect  .   N - +2 hat
rElec    .         Harm     .   x - scarf {rC+ rF+}
rCorr    .         Rampage  .   s - +1 pair of gloves
Will     ++...                  (no boots)
Stlth    +++++++...             B - amulet of magic regeneration
HPRegen  0.00/turn              w - +4 ring of evasion
MPRegen  0.35/turn              y - ring of wizardry

@: confusing by touch, bloodless, studying Axes
A: bloodless, fangs 3, see invisible, vampiric 2
a: Bat Form, Revivify, Renounce Religion, Stomp, Line Pass


You were on level 2 of the Lair of Beasts.
You worshipped Uskayaw.
Uskayaw was noncommittal.
You visited 3 branches of the dungeon, and saw 12 of its levels.
You also visited: Sewer.

You collected 494 gold pieces.

Inventory:

Hand Weapons
 a - the +6 quick blade of the Pyrrhic Victory (weapon) {antimagic, Will+ Str+4 Int+7 Dex-5}
   (You acquired it on level 6 of the Dungeon)

   It reduces the magical energy of the wielder, and disrupts the spells and
   magical abilities of those hit.
   Natural abilities and divine invocations are not affected.
   It affects your strength (+4).
   It affects your intelligence (+7).
   It affects your dexterity (-5).
   It increases your willpower.
 b - a +4 hunting sling
 K - a +1 rapier of flaming
Missiles
 d - 49 poisoned darts
 e - 7 boomerangs (quivered)
 f - 5 silver javelins
 l - 298 stones
 o - 4 curare-tipped darts
 A - 34 sling bullets
 Q - 2 throwing nets
Armour
 s - a +1 pair of gloves (worn)
 x - a scarf of resistance (worn)
 L - a +0 robe of fire resistance (worn)
 N - a +2 hat (worn)
 R - a +3 buckler of protection (worn)
Jewellery
 j - an amulet of regeneration
 n - a ring of protection from cold
 w - a +4 ring of evasion (left hand)
 y - a ring of wizardry (right hand)
 B - an amulet of magic regeneration (around neck)
Wands
 c - a wand of iceblast (12)
 u - a wand of polymorph (5)
 v - a wand of acid (15)
 S - a wand of paralysis (9)
Scrolls
 g - 2 scrolls of fear
 k - 2 scrolls of amnesia
 r - 2 scrolls of magic mapping
 C - a scroll of enchant weapon
 D - a scroll of blinking
 E - 2 scrolls of noise
 J - 4 scrolls of teleportation
 T - a scroll of identify
Potions
 h - a potion of magic
 i - 3 potions of brilliance
 m - 3 potions of mutation
 p - 5 potions of attraction
 q - 7 potions of curing
 t - 2 potions of cancellation
 z - 8 potions of flight
 F - a potion of degeneration
 G - a potion of might
 H - a potion of haste {unknown}
 I - 2 potions of lignification
 M - a potion of berserk rage {unknown}
 O - a potion of resistance {unknown}
 P - 2 potions of heal wounds


   Skills:
 + Level 5.7 Fighting
 - Level 8.0 Short Blades
 * Level 0.0(1.4) Slings
 - Level 2.6 Throwing
 + Level 2.9 Dodging
 * Level 14.0 Stealth
 - Level 4.0 Shields
 - Level 6.0 Spellcasting
 - Level 1.0 Conjurations
 + Level 10.2 Hexes
 - Level 6.0 Ice Magic
 * Level 3.7 Invocations


You had 10 spell levels left.
You knew the following spells:

 Your Spells              Type           Power      Damage    Failure   Level
a - Ensorcelled Hibernat  Hex/Ice        96%        N/A       1%          2
b - Confusing Touch       Hex            55%        N/A       1%          3
c - Tukima's Dance        Hex            55%        N/A       1%          3
d - Dazzling Flash        Conj/Hex       70%        N/A       1%          3
e - Apportation           Tloc           14%        N/A       3%          1

Your spell library contained the following spells:

 Spells                   Type           Power      Damage    Failure   Level
 Corona                   Hex            61%        N/A       1%          1
 Magic Dart               Conj           48%        1d5       1%          1
 Animate Skeleton         Necr           14%        N/A       3%          1
 Summon Small Mammal      Summ           28%        N/A       3%          1
 Searing Ray              Conj           24%        3d4       3%          2
 Fulminant Prism          Conj/Hex       17%        3d11      3%          4
 Ice Form                 Ice/Tmut       22%        N/A       9%          4
 Summon Ice Beast         Ice/Summ       22%        N/A       9%          4
 Iskenderun's Mystic Bla  Conj/Tloc      10%        2d4       24%         4
 Simulacrum               Ice/Necr       11%        N/A       75%         6
 Freezing Cloud           Conj/Ice/Air   9%         6-21      85%         6
 Ozocubu's Refrigeration  Ice            18%        4d8       88%         7


Dungeon Overview and Level Annotations

Branches:
Dungeon (9/15)             Temple (1/1) D:5            Lair (2/6) D:8
  Sewer (visited)
  Swamp: Lair:2-4    Shoals: Lair:2-4     Snake: Lair:2-4    Spider: Lair:2-4
    Orc: D:9-12

Altars:
Ashenzari
Cheibriados
Dithmenos
Fedhas
Gozag
Hepliaklqana
Kikubaaqudgha
Makhleb
Okawaru
Qazlal
Trog
Uskayaw
Wu Jian
Yredelemnul
Zin
Lugonu

Portals:
Gauntlet: Lair:2


Innate Abilities, Weirdness & Mutations

You do not regenerate when monsters are visible.
You are frail without blood (-20% HP).
You can heal yourself when you bite living creatures.
You are immune to poison.
You have razor-sharp teeth.
You have supernaturally acute eyesight. (SInv)
You are afflicted with vampirism and can become a bat while bloodless.


Message History

There is a stone staircase leading up here.
Found a gate leading to a gauntlet.
The helpless eight-headed hydra fails to defend itself.
You bite the eight-headed hydra, and draw its blood!
You spit the eight-headed hydra like a pig!!!
The eight-headed hydra is severely wounded.
You can now pass through a line of other dancers.
Casting: Ensorcelled Hibernation (safe; 1% risk of failure)
Confirm with . or Enter, or press ? or * to list all spells.
Aiming: Ensorcelled Hibernation (safe; 1% risk of failure)
Press: ? - help, Shift-Dir - straight line, f - eight-headed hydra
Aim: an eight-headed hydra (severely wounded, chance to affect: 37%)
The eight-headed hydra easily resists.
The eight-headed hydra bites you! x2
You block the eight-headed hydra's attack.
The eight-headed hydra bites you!
You block the eight-headed hydra's attack.
The eight-headed hydra barely misses you.
You block the eight-headed hydra's attack.
The eight-headed hydra completely misses you.
Casting: Ensorcelled Hibernation (safe; 1% risk of failure)
Confirm with . or Enter, or press ? or * to list all spells.
Aiming: Ensorcelled Hibernation (safe; 1% risk of failure)
Press: ? - help, Shift-Dir - straight line, f/p - eight-headed hydra
Aim: an eight-headed hydra (severely wounded, chance to affect: 37%)
Okay, then.
Casting: Ensorcelled Hibernation (safe; 1% risk of failure)
Confirm with . or Enter, or press ? or * to list all spells.
Your hands begin to glow red.
You block the eight-headed hydra's attack. x3
The eight-headed hydra bites you! The eight-headed hydra bites you.
You block the eight-headed hydra's attack.
The eight-headed hydra bites you!
* * * LOW HITPOINT WARNING * * *
The eight-headed hydra closely misses you.
The eight-headed hydra bites you!
* * * LOW HITPOINT WARNING * * *
The eight-headed hydra misses you.
The eight-headed hydra closely misses you.
The eight-headed hydra bites you!
You die...

#########
#.......##
#........P
##......+..
#........#
##......P# #
#..D....P# P.
##.@....P###
##..#.......P.P##
.................
.................
.................
.........<.......
.............!^..
.∩...............
.............##.#


You could see an eight-headed hydra.

Vanquished Creatures
  Gastronok (Lair:1)
  A hydra (Lair:1)
  2 two-headed ogres (D:9)
  Urug (Lair:1)
  Pikel (D:6)
  4 cane toads (Lair:1)
  2 komodo dragons (Lair:1)
  Prince Ribbit (D:5)
  Grinder (Sewer)
  10 yaks
  2 wyverns
  Sigmund (D:2)
  Eustachio (D:6)
  2 water moccasins (D:5)
  A sky beast (D:6)
  4 orc warriors
  3 black bears
  A necrophage (D:8)
  3 ogres
  A phantom (Sewer)
  A lemure (D:6)
  A centaur (D:8)
  2 kobold brigands
  2 gnoll sergeants
  5 bullfrogs
  A scorpion (D:6)
  A wyvern skeleton (D:5)
  5 wights
  2 vampire bats (D:5)
  3 howler monkeys (D:9)
  5 hounds
  A jelly (D:7)
  8 orc priests
  2 bullfrog skeletons
  2 gnoll shamans
  2 iguanas
  7 orc wizards
  Natasha (thrice) (D:2)
  A killer bee zombie (D:8)
  A hound skeleton (D:5)
  A mummy (D:3)
  16 gnolls
  3 adders
  3 shadow imps (Sewer)
  2 white imps (D:8)
  7 ufetubi
  An adder skeleton (D:2)
  2 worms
  The ghost of EnegeticOcto the Sneak, a weakling DDDe of Okawaru (D:5)
  A dart slug (D:3)
  36 orcs
  9 ball pythons
  3 bat skeletons (D:5)
  4 bat zombies (D:5)
  5 endoplasms
  8 giant cockroaches
  6 goblins
  3 hobgoblins
  34 kobolds
  4 quokkas
  4 bats
  5 frilled lizards
  3 kobold zombies (Sewer)
  6 rats
265 creatures vanquished.

Vanquished Creatures (collateral kills)
  2 wights (D:9)
2 creatures vanquished.

Vanquished Creatures (others)
  A dancing weapon (D:4)
  A kobold brigand (Sewer)
  A kobold (D:9)
  A fungus (Lair:2)
  2 plants (Lair:1)
6 creatures vanquished.

Grand Total: 273 creatures vanquished

Notes
Turn   | Place    | Note
-------+----------+-------------------------------------------
     0 | D:1      | Glokmah the Vampire Enchanter began the quest for the Orb.
     0 | D:1      | Reached XP level 1. HP: 13/13 MP: 3/3
   206 | D:1      | Reached XP level 2. HP: 20/20 MP: 5/5
   209 | D:1      | Learned a level 2 spell: Ensorcelled Hibernation
   296 | D:1      | Found a faded altar of an unknown god.
  1052 | D:2      | Gained mutation: You are afflicted with vampirism and can
                  | become a bat while bloodless. [Vampire growth]
  1052 | D:2      | Reached XP level 3. HP: 25/25 MP: 1/6
  1113 | D:2      | Noticed Natasha
  1118 | D:2      | Killed Natasha
  1119 | D:2      | Reached skill level 1 in Fighting
  1381 | D:2      | Noticed Sigmund
  1437 | D:2      | Killed Sigmund
  1438 | D:2      | Reached skill level 5 in Stealth
  1438 | D:2      | Reached skill level 5 in Hexes
  1438 | D:2      | Reached XP level 4. HP: 29/29 MP: 2/8
  1438 | D:2      | Reached XP level 5. HP: 34/34 MP: 2/9
  1580 | D:2      | Learned a level 3 spell: Confusing Touch
  1584 | D:2      | Learned a level 3 spell: Tukima's Dance
  1719 | D:2      | Noticed Natasha
  1724 | D:2      | Killed Natasha
  1778 | D:2      | Noticed Natasha
  1811 | D:2      | Killed Natasha
  2494 | D:3      | Reached XP level 6. HP: 44/44 MP: 10/10
  2531 | D:3      | Found a snail-covered altar of Cheibriados.
  2891 | D:3      | Reached skill level 6 in Stealth
  2891 | D:3      | Reached skill level 1 in Ice Magic
  3824 | D:4      | Reached XP level 7. HP: 51/51 MP: 6/11
  3828 | D:4      | Learned a level 3 spell: Dazzling Flash
  4002 | D:5      | Entered Level 5 of the Dungeon
  4014 | D:5      | Found a transporter.
  4155 | D:5      | Found a glowing drain.
  4155 | D:5      | Noticed Prince Ribbit
  4163 | Sewer    | Entered a sewer
  4539 | Sewer    | Found an ancient bone altar of Kikubaaqudgha.
  4563 | Sewer    | Reached skill level 7 in Stealth
  4824 | Sewer    | Reached skill level 5 in Short Blades
  4944 | Sewer    | Noticed Grinder
  4954 | Sewer    | Killed Grinder
  5173 | D:5      | Killed Prince Ribbit
  5174 | D:5      | Reached skill level 8 in Stealth
  5174 | D:5      | Reached XP level 8. HP: 46/46 MP: 13/13
  5450 | D:5      | Noticed EnegeticOcto's ghost (weakling DDDe)
  5459 | D:5      | Found a transporter.
  5627 | D:5      | Reached skill level 9 in Stealth
  5846 | D:5      | Reached skill level 1 in Conjurations
  6114 | D:5      | Found a staircase to the Ecumenical Temple.
  6118 | Temple   | Entered the Ecumenical Temple
  6331 | D:5      | Found an ancient bone altar of Kikubaaqudgha.
  6477 | D:5      | Reached XP level 9. HP: 47/51 MP: 12/15
  6483 | D:5      | Killed EnegeticOcto's ghost
  6574 | D:6      | Noticed Eustachio
  6590 | D:6      | Killed Eustachio
  6726 | D:6      | Identified 2 scrolls of acquirement
  6726 | D:6      | Acquired the +6 quick blade of the Pyrrhic Victory
                  | {antimagic, Will+ Str+4 Int+7 Dex-5}
  6729 | D:6      | Acquired a +1 cloak of poison resistance
  6766 | D:6      | Reached skill level 10 in Stealth
  6923 | D:6      | Noticed Pikel
  6987 | D:6      | Killed Pikel
  7774 | D:6      | Reached skill level 11 in Stealth
  8062 | D:7      | Found an iron altar of Okawaru.
  8305 | D:7      | Reached skill level 5 in Spellcasting
  9384 | D:8      | Reached XP level 10. HP: 58/58 MP: 3/17
  9386 | D:8      | Found a shadowy altar of Dithmenos.
  9407 | D:8      | Reached skill level 1 in Shields
  9730 | D:8      | Found a staircase to the Lair.
 10006 | D:8      | Reached skill level 12 in Stealth
 10395 | D:9      | Noticed a two-headed ogre
 10410 | D:9      | Killed a two-headed ogre
 10411 | D:9      | Reached skill level 5 in Ice Magic
 10598 | D:9      | Found a hide-covered altar of Uskayaw.
 10604 | D:9      | Became a worshipper of Uskayaw the Reveller
 10653 | D:9      | Reached * piety under Uskayaw
 10662 | D:9      | Reached ** piety under Uskayaw
 10767 | D:9      | Reached skill level 5 in Fighting
 10902 | D:9      | Found a stormy altar of Qazlal.
 10916 | D:9      | Reached *** piety under Uskayaw
 11196 | D:9      | Noticed a two-headed ogre
 11200 | D:9      | Killed a two-headed ogre
 11201 | D:9      | Reached skill level 1 in Invocations
 11240 | D:9      | Found a hazy altar of Hepliaklqana.
 11482 | Lair:1   | Entered Level 1 of the Lair of Beasts
 11482 | Lair:1   | Noticed a five-headed hydra
 11483 | Lair:1   | Killed a five-headed hydra
 11484 | Lair:1   | Reached skill level 13 in Stealth
 11513 | Lair:1   | Noticed a cane toad
 11520 | Lair:1   | Killed a cane toad
 11521 | Lair:1   | Reached XP level 11. HP: 64/64 MP: 6/19
 11592 | Lair:1   | Noticed Urug
 12224 | Lair:1   | HP: 3/64 [Urug/+1 demon trident of flaming (3)]
 12628 | Lair:1   | Noticed Gastronok
 12649 | Lair:1   | Killed Gastronok
 12650 | Lair:1   | Reached skill level 1 in Throwing
 12655 | Lair:1   | Reached **** piety under Uskayaw
 12834 | Lair:1   | Learned a level 1 spell: Apportation
 12852 | Lair:1   | Reached skill level 10 in Hexes
 13049 | Lair:1   | Reached ***** piety under Uskayaw
 13119 | Lair:1   | Killed Urug
 13120 | Lair:1   | Reached skill level 14 in Stealth
 13499 | Lair:2   | Noticed an eight-headed hydra
 13500 | Lair:2   | Found a gate leading to a gauntlet.
 13509 | Lair:2   | Slain by an eight-headed hydra

Illustrated notes

Levels and vault maps discovered:
D:1:      lightli_arrival_quake, layout_basic, basic_ecumenical_altar
D:2:      layout_basic, small_statue_intersection,
          chequers_serial_rivers_small_3, uniq_sigmund, uniq_natasha
D:3:      layout_loops_ring, slow_altar_1, kennysheep_boxes
D:4:      layout_loops_ring, bh_walls_and_bars
D:5:      layout_rooms, kennysheep_vampire_church, minmay_temple_entry_grid,
          gammafunk_ghost_arena, portal_sewer_entry_f, uniq_prince_ribbit1
D:6:      layout_rooms, dk_noncrumbling_2, nrook_mini_vaults,
          corexii_item_surrounded_by_moat, uniq_eustachio, uniq_pikel
D:7:      layout_rooms, okawaru_gym_becter
D:8:      layout_loops_ring, grunt_dithmenos_smoke, lair_entry_dummy,
          nrook_campfire
D:9:      layout_stronghold, lemuel_coloured_pillars_altar,
          kennysheep_little_box, nicolae_qazlal_general_emergency,
          chequers_serial_rivers_micro_b
Temple:   corrupted_temple
Lair:1:   layout_cave_pods, uniq_gastronok, uniq_urug
Lair:2:   layout_regular_city, gauntlet_entry_generic, serial_bayou_ford_a,
          lemuel_centaur_altar

Skill      XL: |  1  2  3  4  5  6  7  8  9 10 11 |
---------------+----------------------------------+-----
Short Blades   | 2 3 4 5 6 8 |  8.0
Fighting       | 1 2 3 4 5 |  5.7
Stealth        | 5 6 8 9 11 13 14 | 14.0
Hexes          | 5 6 7 8 9 10 | 10.2
Spellcasting   | 3 4 5 6 |  6.0
Ice Magic      | 1 2 3 4 5 6 |  6.0
Conjurations   | 1 |  1.0
Shields        | 3 4 |  4.0
Invocations    | 2 3 |  3.7
Throwing       | 2 |  2.6
Dodging        | |  2.9

Action                   |  1- 3 |  4- 6 |  7- 9 | 10-12 || total
-------------------------+-------+-------+-------+-------++-------
Melee: Dagger            |   100 |   107 |   330 |       ||   537
       Bite              |     4 |    13 |    43 |    15 ||    75
       Quick blade       |       |       |   126 |   208 ||   334
 Cast: Corona            |     4 |       |       |       ||     4
       Ensorcelled Hiber |    14 |    25 |    74 |    38 ||   151
       Tukima's Dance    |       |     2 |       |     4 ||     6
       Confusing Touch   |       |     1 |    11 |     5 ||    17
       Dazzling Flash    |       |       |    21 |     6 ||    27
Invok: Stomp             |       |       |       |     1 ||     1
 Abil: Exsanguinate      |     1 |       |     2 |       ||     3
       Revivify          |     1 |       |     1 |       ||     2
       End Transformatio |       |       |       |     1 ||     1
       Bat Form          |       |       |       |     1 ||     1
Evoke: Wand              |       |       |     2 |       ||     2
  Use: Scroll            |       |       |    13 |    14 ||    27
 Stab: Sleeping          |    15 |    23 |    55 |    34 ||   127
       Confused          |       |     1 |    11 |     5 ||    17
       Invisible         |       |       |    11 |     4 ||    15
       Paralysed         |       |       |       |     6 ||     6
Armor: Robe              |    15 |     8 |    92 |    10 ||   125
Dodge: Dodged            |    73 |    37 |   470 |    77 ||   657
Block: Buckler           |       |       |       |     9 ||     9

Table legend: (Time is in decaauts)
 A = Elapsed time spent in this place.
 B = Non-inter-level travel time spent in this place.
 C = Inter-level travel time spent in this place.
 D = Time resting spent in this place.
 E = Time spent auto-exploring this place.
 F = Levels seen in this place.
 G = Mean time per level.
                   A        B        C        D        E       F      G
               +--------+--------+--------+--------+--------+-----+--------+
         Total |  13222 |  12211 |   1011 |   2612 |   6485 |  13 | 1017.1 |
       Dungeon |  10860 |   9881 |    979 |   2042 |   5398 |   9 | 1206.7 |
        Temple |     43 |     43 |      0 |      0 |     27 |   1 |   43.0 |
          Lair |   1404 |   1372 |     32 |    418 |    671 |   2 |  702.0 |
         Sewer |    913 |    913 |      0 |    152 |    389 |   1 |  913.0 |
               +--------+--------+--------+--------+--------+-----+--------+

Top non-repeatable levels by time:
     D:5: 1831 daAuts
  Lair:1: 1395 daAuts
     D:8: 1386 daAuts
     D:4: 1311 daAuts
     D:6: 1297 daAuts
     D:2: 1287 daAuts
     D:9: 1197 daAuts
     D:1: 937 daAuts
   Sewer: 913 daAuts
     D:7: 832 daAuts
     D:3: 777 daAuts
  Temple: 43 daAuts
  Lair:2: 9 daAuts
